Construct Light Support Kompanie
Panzerjäger Mechanized Group
Construct Mechanized Kompanie
Marder III Tank Destroyer
Selects Registered Artillery
Selects Defensive Operations
Marder III Tank Destroyer
Marder III Tank Destroyer
Selects Territory Booby Traps
254 Reconnaissance Tractor
Selects Obice 305mm Barrage
Construct Panzerarmee Kommand
254 Reconnaissance Tractor
Marder III Tank Destroyer
Marder III Tank Destroyer
Selects Towed Cannone da 105/28 Field Howitzer
Marder III Tank Destroyer
Marder III Tank Destroyer